Map: 瑟拉斯废墟

Players

shengy - Winner!

  • Race: Zerg Zerg
  • League: Platinum

Tafye

  • Race: Protoss Protoss
  • League: Diamond

VOD

Have the link to the VOD?

Description

Time

  • Played on: Dec. 24, 2015, 10:13 p.m.
  • Length: 10:52
Show
View Real Time Build Order
Export as new Build Order

shengy Zerg - Winner!

Build Orders: Pool First 

Get SALT Encoding   

  12  0:01  Drone  
  13  0:08  Drone  
  14  0:17  Overlord  
  14  0:35  Drone x2  
  14  0:36  Drone  
  17  0:46  Spawning Pool  
  16  0:50  Drone  
  17  0:57  Drone  
  18  1:16  Hatchery  
  17  1:20  Drone  
  18  1:34  Queen  
  18  1:36  Zergling x4  
  22  1:43  Overlord  
  22  2:12  Queen  
  24  2:19  Hatchery  
  24  2:21  Drone  
  24  2:22  Drone  
  25  2:31  Overlord  
  25  2:32  Drone  
  25  2:34  Extractor  
  25  2:41  Drone x2  
  27  2:50  Drone x3  
  29  3:01  Zergling x6  
  29  3:03  Zergling x2  
  32  3:32  Drone x5  
  32  3:33  Drone  
  32  3:34  Drone x4  
  41  3:37  Extractor  
  41  3:39  Extractor  
  41  3:40  Extractor  
  41  3:41  Drone  
  40  3:42  Drone  
  40  3:48  Drone, Overlord  
  41  3:51  Metabolic Boost  
  42  3:57  Queen  
  42  4:00  Drone  
  45  4:06  Drone x3  
  48  4:10  Drone x2  
  50  4:23  Drone  
  51  4:25  Drone x2  
  51  4:26  Drone, Lair  
  51  4:28  Drone  
  51  4:29  Drone  
  56  4:37  Roach Warren  
  55  4:39  Overlord  
  55  4:47  Zergling x6  
  58  4:53  Overlord x2  
  58  5:08  Evolution Chamber  
  57  5:16  Drone x5  
  57  5:18  Queen, Drone x5  
  69  5:24  Glial Reconstitution  
  69  5:26  Burrow  
  69  5:28  Overlord x2  
  69  5:34  Drone x2  
  69  5:35  Drone x2  
  73  5:37  Overlord  
  72  5:48  Roach x5  
  72  5:49  Roach  
  84  5:54  Zerg Missile Weapons Level 1  
  84  6:01  Drone x4  
  88  6:05  Roach x2  
  88  6:06  Roach x3  
  88  6:09  Roach x2  
  102  6:12  Overseer  
  102  6:22  Overseer  
  102  6:24  Overlord x2  
  102  6:25  Overlord  
  102  6:26  Roach x2  
  106  6:38  Extractor  
  106  6:39  Extractor  
  104  6:40  Drone x2  
  104  6:44  Roach x4  
  104  6:45  Roach x2  
  118  6:50  Hatchery  
  118  6:51  Evolution Chamber, Tunneling Claws  
  118  6:53  Extractor x2  
  114  7:20  Hydralisk Den, Zerg Ground Armor Level 1  
  113  7:23  Spire  
  113  7:24  Overlord  
  113  7:25  Overlord x2  
  113  7:26  Infestation Pit, Roach x9  
  129  7:43  Drone  
  130  7:44  Drone  
  130  7:45  Drone x4  
  130  7:50  Hatchery  
  134  7:52  Muscular Augments, Zerg Missile Weapons Level 2  
  134  7:54  Overlord  
  134  8:04  Roach x26  
  134  8:05  Roach x5  
  146  8:19  Hydralisk x5  
  150  8:21  Roach x5  
  151  8:37  Hydralisk x4  
  138  8:41  Roach x15  
  138  8:42  Roach  
  138  8:46  Roach x4  
  138  8:47  Roach x7  
  132  9:10  Overlord  
  132  9:13  Hive  
  132  9:26  Roach x25  
  132  9:51  Hatchery  
  132  9:52  Roach x8  
  157  9:53  Extractor, Roach x16  
  157  9:54  Extractor  
  177  10:14  Queen  
  177  10:15  Drone x2  
  177  10:17  Overlord x3  
  177  10:32  Ultralisk Cavern  
Show
View Real Time Build Order
Export as new Build Order

Tafye Protoss 

Build Orders:  

Get SALT Encoding   

  12  0:02  Probe (Chrono Boost)  
  13  0:12  Probe (Chrono Boost)  
  14  0:20  Pylon  
  14  0:23  Probe (Chrono Boost)  
  15  0:38  Probe (Chrono Boost)  
  16  0:44  Gateway  
  17  0:50  Probe (Chrono Boost)  
  17  1:00  Gateway  
  17  1:04  Assimilator  
  17  1:09  Probe (Chrono Boost)  
  18  1:20  Probe (Chrono Boost)  
  19  1:30  Probe (Chrono Boost)  
  20  1:36  Cybernetics Core  
  20  1:38  Pylon  
  20  1:51  Probe (Chrono Boost)  
  21  2:21  Nexus, Adept x2 (Chrono Boost)  
  25  2:26  Mothership Core (Chrono Boost)  
  25  2:51  Probe  
  25  3:00  Warp Gate  
  25  3:03  Probe  
  26  3:31  Pylon, Probe  
  27  3:34  Pylon  
  27  3:38  Adept (Chrono Boost)  
  29  3:43  Probe  
  29  3:47  Probe  
  30  3:55  Probe  
  32  3:58  Probe  
  32  4:01  Adept (Chrono Boost)  
  37  4:03  Pylon  
  37  4:05  Adept (Chrono Boost)  
  37  4:12  Probe  
  37  4:13  Probe  
  39  4:18  Assimilator  
  39  4:23  Probe  
  39  4:26  Assimilator  
  39  4:29  Adept (Chrono Boost)  
  44  4:33  Probe, Adept (Chrono Boost)  
  45  4:48  Robotics Facility  
  45  4:55  Probe  
  45  4:56  Twilight Council  
  45  4:57  Probe  
  47  5:08  Robotics Facility  
  47  5:13  Gateway  
  47  5:15  Pylon, Probe  
  47  5:16  Probe  
  49  5:26  Probe  
  50  5:28  Probe  
  50  5:33  Adept  
  50  5:34  Adept  
  50  5:35  Charge (Chrono Boost)  
  55  5:36  Probe  
  55  5:41  Probe  
  57  5:47  Probe  
  58  5:53  Probe  
  58  5:55  Pylon  
  59  5:57  Pylon, Observer (Chrono Boost)  
  59  5:59  Probe  
  61  6:05  Probe  
  61  6:07  Assimilator, Adept x2  
  61  6:11  Probe  
  67  6:17  Probe  
  68  6:21  Immortal (Chrono Boost)  
  68  6:23  Probe  
  73  6:29  Probe  
  73  6:31  Gateway  
  74  6:34  Gateway  
  74  6:35  Probe  
  75  6:41  Probe  
  76  6:47  Probe  
  76  6:48  Zealot x2  
  76  6:49  Zealot  
  76  6:53  Probe  
  84  7:09  Zealot x3  
  84  7:13  Immortal (Chrono Boost)  
  94  7:24  Pylon  
  94  7:26  Pylon  
  94  7:28  Pylon  
  94  7:40  Pylon  
  94  7:42  Probe x2  
  96  7:45  Templar Archives  
  96  7:47  Zealot x4  
  96  7:48  Zealot  
  106  7:54  Probe  
  107  8:12  Zealot x2  
  109  8:13  Zealot x3  
  117  8:24  Pylon  
  112  8:45  Zealot x3  
  112  8:46  Zealot x2  
  75  9:08  Immortal (Chrono Boost)  
  75  9:09  High Templar x2  
  79  9:10  High Templar x2  
  79  9:11  Zealot  
  79  9:13  Probe  
  79  9:14  Probe  
  87  9:22  Psionic Storm  
  87  9:39  Zealot  
  87  9:41  Zealot  
  87  9:42  Zealot  
  87  9:43  Zealot x2  
  97  9:48  Immortal (Chrono Boost)  
  97  9:52  Pylon  
  101  9:53  Pylon  
Tags
 
Add a new tag
Caveats
  • Supply blocks, unpowered buildings, or Contaminate may cause inaccurate times.
  • Supply counts are checked every 10 seconds.